 Dungeon Crawl Stone Soup version 0.17-a0-2073-gde5cdba (webtiles) character file.

89636 brucemayne the Severer (level 15, 0/112 HPs)
             Began as a Demonspawn Berserker on Oct 14, 2015.
             Was a High Priest of Trog.
             Slain by a merfolk impaler
             ... wielding a +0 trident
              (8 damage)
             ... on level 2 of the Shoals.
             The game lasted 01:13:39 (8802 turns).

brucemayne the Severer (Demonspawn Berserker)       Turns: 8802, Time: 01:13:39

Health: 0/112      AC: 26    Str: 22    XL:     15   Next: 13%
Magic:  0/19       EV:  5    Int: 10    God:    Trog [*****.]
Gold:   813        SH:  2    Dex: 13    Spells: 0 memorised, 14 levels left

rFire  . . .     SeeInvis .     E - +5 battleaxe (freeze)
rCold  + . .     Clarity  +     b - +0 crystal plate armour
rNeg   . . .     SustAt   .     (no shield)
rPois  +         Gourm    .     g - +1 hat
rElec  .         Spirit   +     u - +0 cloak
rCorr  .         Warding  .     p - +0 pair of gloves
rMut   .         Stasis   .     e - +0 pair of boots
MR     +....                    i - amulet of clarity
Stlth  ..........               G - ring of protection from cold
                                J - ring of poison resistance

@: exhausted, engulfed (cannot breathe), slowed, very slow, somewhat resistant
to hostile enchantments, extremely unstealthy
A: antennae 2, large bone plates 1, powered by death 3, magic shield, magic
regeneration
a: Burn Spellbooks, Berserk, Trog's Hand, Brothers in Arms, Renounce Religion
}: 1/15 runes: gossamer


You were on level 2 of the Shoals.
You worshipped Trog.
Trog was extremely pleased with you.
You were hungry.

You visited 5 branches of the dungeon, and saw 30 of its levels.
You visited the Abyss 1 time.
You also visited: Labyrinth.

You collected 1985 gold pieces.
You spent 1172 gold pieces at shops.

Inventory:

Hand Weapons
 j - a +6 antimagic battleaxe
 k - a +1 hand axe of flaming
 D - a +4 war axe of electrocution
 E - a +5 battleaxe of freezing (weapon)
 U - a +3 antimagic battleaxe
Missiles
 H - 10 poisoned javelins (quivered)
Armour
 b - a +0 crystal plate armour (worn)
 e - a +0 pair of boots (worn)
 g - a +1 hat (worn)
 p - a +0 pair of gloves (worn)
 u - a +0 cloak (worn)
 A - a +0 plate armour
Rods
 z - a +1 rod of inaccuracy (12/12)
   (You took it off a minotaur in a labyrinth)
Jewellery
 d - an uncursed ring of teleportation
 i - an amulet of clarity (around neck)
 l - a cursed amulet of inaccuracy {unknown}
 q - an uncursed ring of protection from fire
 G - a ring of protection from cold (right hand)
 J - a ring of poison resistance (left hand)
Wands
 s - a wand of heal wounds (0)
 C - a wand of paralysis (13)
 O - a wand of draining (14)
 S - a wand of digging (15)
 T - a wand of random effects (23)
 Z - a wand of disintegration (6)
Scrolls
 f - a scroll of magic mapping
 n - 2 scrolls of summoning
 w - 4 scrolls of fog
 y - 6 scrolls of remove curse
 I - 4 scrolls of enchant weapon
 L - 2 scrolls of teleportation
 N - a scroll of vulnerability
 X - 2 scrolls of silence
Potions
 c - a potion of heal wounds
 o - a potion of invisibility
 r - 2 potions of agility
 t - a potion of flight
 x - 2 potions of berserk rage {unknown}
 F - a potion of degeneration {unknown}
 K - a potion of magic {unknown}
 P - 2 potions of curing
 Q - a potion of lignification {unknown}
 R - a potion of mutation {unknown}
 Y - 3 potions of brilliance {unknown}
Books
 M - a book of Cantrips

   Spells                             Type                      Level
   a - Corona                         Hexes                        1
   b - Animate Skeleton               Necromancy                   1
   c - Summon Small Mammal            Summoning                    1
   d - Apportation                    Translocation                1
   Trog disapproves of the use of such an item.
Miscellaneous
 B - a stone of tremors
Comestibles
 a - 6 chunks of flesh
 h - 9 meat rations
 m - 11 fruits
 v - 5 bread rations


   Skills:
 - Level 8.5 Fighting
 + Level 20.0 Axes
 - Level 8.9 Armour
 - Level 1.7 Dodging
 - Level 6.0 Evocations


You had 14 spell levels left.
You didn't know any spells.

Dungeon Overview and Level Annotations

Branches:
Dungeon (11/15)              Lair (8/8) D:9          Shoals (3/4) Lair:3
 Spider (4/4) Lair:4        Slime (0/6) Lair:7          Orc (4/4) D:9
    Elf (0/3) Orc:4
 Temple: D:4-7

Altars:
Ashenzari
Cheibriados
Elyvilon
Nemelex Xobeh
Qazlal
Ru
Sif Muna
Zin
Jiyva

Shops:
D:7 (   Orc:1 *   Orc:3 }   Orc:4 (:?(   Shoals:1 }

Annotations:
Lair:7 1 runed door, exclusion: oklob plant
Shoals:2 exclusion: Roxanne, Roxanne


Innate Abilities, Weirdness & Mutations

You have a pair of antennae on your head.
You are partially covered in large bone plates (AC +2, SH +2).
You regenerate a lot of health from kills.
When hurt, damage is shared between your health and your magic reserves.
You regenerate magic rapidly.


Message History

* * * LOW HITPOINT WARNING * * *
The merfolk impaler hits you but does no damage.
The snapping turtle barely misses you. The water elemental hits you.
The merfolk impaler hits you but does no damage.
Drink which item? (? for menu, Esc to quit)
You feel much better.
* * * LOW HITPOINT WARNING * * *
Your lungs strain for air!
The harpy screeches!
The harpy claws you but does no damage. You block the harpy's attack.
The harpy claws you but does no damage. x3
The harpy claws you.
* * * LOW HITPOINT WARNING * * *
The harpy closely misses you. The harpy claws you but does no damage.
The snapping turtle bites you from afar!
* * * LOW HITPOINT WARNING * * *
The merfolk impaler completely misses you.
The water elemental hits you. You block the snapping turtle's attack.
The merfolk impaler hits you with a trident!
You die...

≈≈≈≈≈≈≈≈≈≈≈≈≈≈≈
≈≈≈≈≈≈≈≈≈≈≈≈≈≈≈≈≈
≈≈≈≈≈≈≈≈≈≈≈≈≈≈≈≈≈≈
≈≈≈≈≈≈≈≈≈≈≈≈≈≈≈≈≈≈
≈≈≈≈≈≈≈≈≈≈≈≈≈≈≈.≈≈≈≈
≈≈≈≈≈≈≈≈≈≈≈≈≈≈...≈≈≈
≈≈≈≈≈≈≈≈≈≈≈≈≈...(≈≈≈≈
≈≈≈≈≈H≈≈.≈≈≈..##..≈≈≈≈
≈≈≈≈≈≈≈@E.........≈≈≈≈
≈≈≈≈≈≈≈mH≈.....PP..≈≈≈
≈≈≈≈≈≈≈≈.t./...P....≈≈P≈
≈≈≈≈≈≈≈≈≈.§......PP.....
≈≈.
≈≈≈≈≈≈≈≈.....P..PP.....(
≈≈.
≈≈≈≈≈≈≈...........$....P
.≈≈
≈≈≈≈≈≈..#...............
...
≈≈≈≈≈≈..#.........P.P...
..≈
≈≈.........t.8.......


You could see a merfolk impaler, a snapping turtle, a water elemental and 2
harpies.

Vanquished Creatures
  2 emperor scorpions (Spider:4)
  2 ghost moths (Spider:4)
  A merfolk javelineer (Shoals:1)
  A merfolk impaler (Lair:3)
  A minotaur (Lab)
  An entropy weaver (Spider:3)
  Fannar (Orc:1)
  3 hydras
  A merfolk aquamancer (Shoals:3)
  An alligator snapping turtle (Shoals:1)
  5 death yaks (Lair:8)
  2 orc high priests (Orc:4)
  Urug (Orc:2)
  A harpy (Shoals:2)
  3 sea snakes
  3 orc knights
  An orb spider (Spider:1)
  7 wolf spiders
  2 griffons
  3 orc sorcerers (Orc:4)
  3 sirens
  A cyclops (Shoals:1)
  5 fauns
  A hornet (Spider:3)
  2 manticores
  2 black mambas (Lair:2)
  8 elephants
  8 spiny frogs
  A torpor snail (Spider:1)
  A komodo dragon (Lair:7)
  4 fire drakes
  4 jumping spiders
  2 merfolk (Shoals:3)
  A troll (D:9)
  9 polar bears (Lair:8)
  7 demonic crawlers
  Grinder (D:4)
  3 snapping turtles
  A raiju (Lair:8)
  A wind drake (Shoals:1)
  2 boulder beetles
  9 trapdoor spiders
  11 redbacks
  2 water elementals (Shoals:3)
  8 tarantellas
  2 wyverns
  12 yaks
  2 basilisks
  3 hippogriffs
  2 hungry ghosts (Lab)
  4 hell hounds (Lair:8)
  7 water moccasins
  34 wolves
  8 wargs
  20 orc warriors
  8 porcupines
  2 wasps (Spider:4)
  26 spiders
  14 black bears
  7 ogres
  3 centaurs
  9 crocodiles
  4 big kobolds
  Blork the orc (Orc:2)
  A gnoll sergeant (D:9)
  7 giant frogs
  2 scorpions (D:8)
  3 wights (D:9)
  6 lava snakes
  14 hounds
  2 jellies
  17 orc wizards
  16 orc priests
  An iguana (D:5)
  3 worker ants
  16 sheep
  A killer bee zombie (D:9)
  A hound skeleton (D:9)
  A worker ant zombie (D:9)
  5 adders
  6 gnolls (D:9)
  11 river rats
  A shadow imp (D:9)
  2 worms (D:3)
  3 giant geckos
  109 orcs
  2 hobgoblins
  4 kobolds
  A quokka (D:4)
  3 bats
  3 giant cockroaches
  A giant cockroach zombie (D:5)
  2 goblins (D:3)
  7 jackals
  A quokka skeleton (D:5)
  3 rats
  6 fungi
  9 plants
577 creatures vanquished.

Vanquished Creatures (collateral kills)
  Agnes (Spider:4)
  A ghost moth (Spider:4)
  2 emperor scorpions (Spider:4)
  2 entropy weavers
  An orc high priest (Orc:4)
  6 orb spiders
  2 orc knights (Orc:4)
  5 wolf spiders (Spider:4)
  3 hornets (Spider:4)
  An orc sorcerer (Orc:4)
  A demonic crawler (Spider:4)
  A jumping spider (Spider:3)
  4 trapdoor spiders (Spider:4)
  A redback (Spider:3)
  4 tarantellas (Spider:4)
  2 wasps (Spider:4)
  An orc wizard (Orc:4)
38 creatures vanquished.

Vanquished Creatures (others)
  An orb spider (Spider:1)
  An orc wizard (D:4)
  2 fungi (Lair:8)
  10 plants
14 creatures vanquished.

Grand Total: 629 creatures vanquished

Notes
Turn   | Place    | Note
--------------------------------------------------------------
     0 | D:1      | brucemayne the Demonspawn Berserker began the quest for the Orb.
     0 | D:1      | Reached XP level 1. HP: 18/18 MP: 1/1
    79 | D:3      | Noticed a jelly
    90 | D:3      | Killed a jelly
    90 | D:3      | Gained mutation: You have a pair of small antennae on your head. [demonic ancestry]
    90 | D:3      | Reached XP level 2. HP: 17/24 MP: 2/2
    90 | D:3      | Gained mutation: You have a pair of antennae on your head. [demonic ancestry]
    90 | D:3      | Reached XP level 3. HP: 20/29 MP: 3/3
   264 | D:3      | Reached skill level 4 in Axes
   330 | D:3      | Found a snail-covered altar of Cheibriados.
   388 | D:4      | Noticed Grinder
   539 | D:4      | Reached XP level 4. HP: 8/35 MP: 4/4
   544 | D:4      | Killed Grinder
   544 | D:4      | Reached ** piety under Trog
   544 | D:4      | Reached skill level 6 in Axes
   544 | D:4      | Gained mutation: You regenerate a little health from kills. [demonic ancestry]
   544 | D:4      | Reached XP level 5. HP: 10/41 MP: 5/5
   544 | D:4      | Reached XP level 6. HP: 11/47 MP: 6/6
   701 | D:5      | Entered Level 5 of the Dungeon
   773 | D:5      | Reached skill level 7 in Axes
   804 | D:5      | Reached XP level 7. HP: 52/52 MP: 7/7
   852 | D:5      | Reached skill level 8 in Axes
   938 | D:5      | Cast into the Abyss (orc)
   964 | D:5      | Escaped the Abyss
  1007 | D:5      | You fall through a shaft for 3 floors!
  1117 | D:8      | Found a glowing silver altar of Zin.
  1142 | D:8      | Reached skill level 9 in Axes
  1142 | D:8      | Reached XP level 8. HP: 51/58 MP: 8/8
  1435 | D:9      | Noticed a troll
  1454 | D:9      | Killed a troll
  1478 | D:9      | Reached skill level 10 in Axes
  1580 | D:7      | Found a sparkling altar of Nemelex Xobeh.
  1582 | D:7      | Found a sacrificial altar of Ru.
  1654 | D:7      | Reached skill level 5 in Fighting
  1741 | D:7      | Found Zomac's Weapon Emporium.
  1870 | D:9      | Found a white marble altar of Elyvilon.
  1870 | D:9      | Found a shattered altar of Ashenzari.
  1871 | D:9      | Found a deep blue altar of Sif Muna.
  1885 | D:10     | Entered Level 10 of the Dungeon
  1891 | D:10     | Reached XP level 9. HP: 63/68 MP: 9/9
  1991 | D:11     | Reached *** piety under Trog
  2089 | D:11     | Noticed a two-headed hydra
  2094 | D:11     | Killed a one-headed hydra
  2094 | D:11     | Reached skill level 11 in Axes
  2168 | D:9      | Found a staircase to the Orcish Mines.
  2197 | D:9      | Found a staircase to the Lair.
  2239 | Orc:1    | Entered Level 1 of the Orcish Mines
  2281 | Orc:1    | Found Erafuh's Assorted Antiques.
  2316 | Orc:1    | Reached **** piety under Trog
  2469 | Orc:2    | Gained mutation: You regenerate health from kills. [demonic ancestry]
  2469 | Orc:2    | Reached XP level 10. HP: 80/80 MP: 10/10
  2602 | Orc:1    | Received a gift from Trog
  2722 | Orc:2    | Reached ***** piety under Trog
  2738 | Orc:1    | Noticed Fannar
  2753 | Orc:1    | Killed Fannar
  2753 | Orc:1    | Reached skill level 12 in Axes
  2798 | Orc:2    | Noticed Blork the orc
  2802 | Orc:2    | Noticed an orc knight
  2830 | Orc:2    | Killed Blork the orc
  2833 | Orc:2    | Killed an orc knight
  2881 | Orc:2    | Noticed Urug
  2892 | Orc:2    | Killed Urug
  2892 | Orc:2    | Reached skill level 5 in Armour
  2965 | Orc:4    | Entered Level 4 of the Orcish Mines
  2980 | Orc:4    | Found a staircase to the Elven Halls.
  2995 | Orc:3    | Found Nomull's Quality Used Wands.
  3320 | Orc:4    | Noticed an orc sorcerer
  3321 | Orc:4    | Noticed an orc knight
  3350 | Orc:4    | Killed an orc sorcerer
  3412 | Orc:4    | Reached XP level 11. HP: 74/86 MP: 11/11
  3418 | Orc:4    | Received a gift from Trog
  3434 | Orc:4    | Noticed an orc knight
  3436 | Orc:4    | Noticed an orc high priest
  3442 | Orc:4    | Killed an orc knight
  3447 | Orc:4    | Killed an orc high priest
  3449 | Orc:4    | Noticed an orc sorcerer
  3455 | Orc:4    | Killed an orc sorcerer
  3457 | Orc:4    | Noticed an orc knight
  3459 | Orc:4    | Noticed an orc sorcerer
  3460 | Orc:4    | Noticed an orc high priest
  3461 | Orc:4    | Noticed an orc high priest
  3469 | Orc:4    | Killed an orc knight
  3473 | Orc:4    | Killed an orc sorcerer
  3473 | Orc:4    | Reached skill level 13 in Axes
  3475 | Orc:4    | Killed an orc high priest
  3491 | Orc:4    | Noticed an ice devil
  3500 | Orc:4    | Killed an orc high priest
  3504 | Orc:4    | Killed an orc knight
  3572 | Orc:4    | Noticed an orc sorcerer
  3583 | Orc:4    | Noticed an orc knight
  3583 | Orc:4    | Killed an orc sorcerer
  3634 | Orc:4    | Killed an orc knight
  3695 | Orc:4    | Found Tenolam's Antique Weapon Boutique.
  3700 | Orc:4    | Found Ciegoet's Magic Scroll Shoppe.
  3705 | Orc:4    | Found Odaugh's Weapon Shoppe.
  3707 | Orc:4    | Found Esafeikh's Book Boutique.
  3725 | Orc:4    | Bought a scroll of blinking for 105 gold pieces
  3725 | Orc:4    | Bought 3 scrolls of fog for 84 gold pieces
  3725 | Orc:4    | Bought a scroll of blinking for 105 gold pieces
  3729 | Orc:4    | Bought a scroll of identify for 28 gold pieces
  3730 | Orc:4    | Bought a scroll of enchant weapon for 105 gold pieces
  3730 | Orc:4    | Bought a scroll of magic mapping for 49 gold pieces
  3732 | Orc:4    | Bought a runed battleaxe for 214 gold pieces
  3734 | Orc:4    | Bought a scroll of fog for 28 gold pieces
  3734 | Orc:4    | Bought a scroll of identify for 28 gold pieces
  3734 | Orc:4    | Bought a scroll of teleportation for 42 gold pieces
  4156 | Orc:3    | Bought a wand of heal wounds (0) for 384 gold pieces
  4221 | Lair:1   | Entered Level 1 of the Lair of Beasts
  4258 | Lair:1   | Found a stormy altar of Qazlal.
  4297 | Lair:2   | Reached skill level 14 in Axes
  4596 | Lair:2   | Gained mutation: When hurt, damage is shared between your health and your magic reserves. [demonic ancestry]
  4596 | Lair:2   | Reached XP level 12. HP: 22/93 MP: 12/12
  4772 | Lair:4   | Reached skill level 15 in Axes
  4859 | Lair:6   | Received a gift from Trog
  5042 | Lair:6   | Found a labyrinth entrance.
  5062 | Lab      | Entered a labyrinth
  5265 | Lab      | Noticed a minotaur
  5276 | Lab      | Killed a minotaur
  5431 | Lair:7   | Noticed a seven-headed hydra
  5441 | Lair:7   | Killed a one-headed hydra
  5495 | Lair:7   | Reached skill level 16 in Axes
  5593 | Lair:8   | Entered Level 8 of the Lair of Beasts
  5758 | Lair:8   | Gained mutation: You regenerate a lot of health from kills. [demonic ancestry]
  5758 | Lair:8   | Reached XP level 13. HP: 65/98 MP: 2/13
  5825 | Lair:7   | Found a runed door.
  5826 | Lair:7   | Noticed an azure jelly
  5834 | Lair:7   | Found a viscous altar of Jiyva.
  5836 | Lair:7   | Found a staircase to the Slime Pits.
  5930 | Lair:8   | Reached skill level 1 in Evocations
  6059 | Lair:8   | Reached skill level 5 in Evocations
  6180 | Lair:8   | Reached skill level 17 in Axes
  6186 | Lair:8   | Reached ****** piety under Trog
  6590 | Lair:5   | Noticed a six-headed hydra
  6606 | Lair:5   | Killed a one-headed hydra
  6720 | Lair:4   | Found a hole to the Spider Nest.
  6764 | Spider:1 | Entered Level 1 of the Spider Nest
  6773 | Lair:4   | Received a gift from Trog
  7124 | Spider:3 | Gained mutation: You are partially covered in large bone plates (AC +2, SH +2). [demonic ancestry]
  7124 | Spider:3 | Reached XP level 14. HP: 76/106 MP: 12/18
  7188 | Spider:4 | Entered Level 4 of the Spider Nest
  7230 | Spider:4 | Reached skill level 18 in Axes
  7245 | Spider:4 | Noticed Agnes
  7252 | Spider:4 | Killed Agnes
  7257 | Spider:4 | Noticed an emperor scorpion
  7263 | Spider:4 | Received a gift from Trog
  7266 | Spider:4 | Killed an emperor scorpion
  7282 | Spider:4 | Noticed an emperor scorpion
  7293 | Spider:4 | Killed an emperor scorpion
  7459 | Spider:4 | Killed a ghost moth
  7489 | Spider:4 | Noticed an emperor scorpion
  7495 | Spider:4 | Killed an emperor scorpion
  7500 | Spider:4 | Killed a ghost moth
  7550 | Spider:4 | Noticed an emperor scorpion
  7558 | Spider:4 | Killed an emperor scorpion
  7558 | Spider:4 | Reached skill level 19 in Axes
  7564 | Spider:4 | Killed a ghost moth
  7569 | Spider:4 | Got a gossamer rune of Zot
  8099 | Lair:3   | Received a gift from Trog
  8158 | Lair:3   | Found a staircase to the Shoals.
  8238 | Shoals:1 | Entered Level 1 of the Shoals
  8404 | Shoals:1 | Found Aceih's Gadget Shop.
  8538 | Shoals:1 | Gained mutation: You regenerate magic rapidly. [demonic ancestry]
  8538 | Shoals:1 | Reached XP level 15. HP: 52/112 MP: 6/19
  8722 | Shoals:3 | Reached skill level 20 in Axes
  8770 | Shoals:2 | Noticed Roxanne
  8796 | Shoals:2 | HP: 3/112 [snapping turtle (17)]
  8802 | Shoals:2 | Slain by a merfolk impaler

Vault maps used:
D:1:      minmay_arrival_three_doors, nrook_mini_backslash, nemelex_deck
D:2:      first_bread
D:3:      cheibriados_altar_wand_db
D:4:      minmay_temple_entry_glassed_door, patterned_corridor, uniq_grinder,
          uniq_sigmund
D:5:      uniq_crazy_yiuf_cottage
D:6:      serial_shops, shop
D:7:      grunt_temple_overflow_open, serial_shops,
          nicolae_shop_window_shopping, shop, kennysheep_mini_moat,
          nicolae_shop_trees
D:8:      nicolae_overflow_crystal_walls, uniq_erolcha
D:9:      gammafunk_temple_overflow_forgotten, dpeg_oklobed_lair
D:10:     uniq_sonja
D:11:     hangedman_ranch
Lair:1:   basic_altar, lemuel_old_faithful, lemuel_fruit_tree, uniq_harold
Lair:3:   minmay_shoals_entry_lonely_mermaid
Lair:4:   spider_nest_entry_a, infiniplex_staircase_pool_2, serial_bayou_shore_b
Lair:5:   cheibrodos_magma_flow, cheibrodos_lair_caveside_slide
Lair:6:   lab_entry_generic, lemuel_fruit_fields, serial_bayou_shore_a
Lair:7:   slime_altar_2, serial_bayou_shore_b, grunt_megastairs_2
Lair:8:   hangedman_lair_caniforms_friends, serial_bayou_shore_b,
          grunt_megastairs_4
Shoals:1: serial_shops, shop, shop, hangedman_shoal_octodias
Shoals:2: st_shoals_ruin, uniq_roxanne
Shoals:3: nicolae_shoals_square_sea_wall
Spider:4: guppyfry_spider_rune, uniq_agnes, uniq_mara
Orc:1:    serial_shops, nicolae_shop_overgrown_old_shop, uniq_fannar
Orc:2:    sword_in_stone
Orc:3:    nicolae_orc_pool_cavern, nicolae_orc_lava_tube,
          nicolae_for_you_no_charge
Orc:4:    st_orc_elflike
Lab:      labyrinth_watery, labyrinth_lava_lair, nicolae_lab_garden,
          lab_fountain, nicolae_lab_big_swirl, nicolae_lab_lava, lab_block,
          labyrinth_skeletal_remains

Action                   |  1- 3 |  4- 6 |  7- 9 | 10-12 | 13-15 || total
-------------------------+-------+-------+-------+-------+-------++-------
Melee: Hand axe          |    61 |    68 |    63 |     7 |     7 ||   206
       War axe           |       |       |   297 |   616 |   301 ||  1214
       Battleaxe         |       |       |       |       |   494 ||   494
Throw: Javelin           |       |       |       |       |     2 ||     2
Invok: Berserk           |     3 |     2 |     9 |    12 |     5 ||    31
       Trog's Hand       |       |       |     7 |    11 |    14 ||    32
       Brothers in Arms  |       |       |       |     3 |     7 ||    10
 Abil: Evoke Teleportati |       |       |       |       |     2 ||     2
Evoke: Wand              |       |       |       |       |    11 ||    11
  Use: Scroll            |       |       |     6 |    10 |    17 ||    33
       Potion            |       |       |     1 |     3 |     3 ||     7
 Stab: Distracted        |       |       |       |       |     1 ||     1
  Eat: Chunk             |     1 |     3 |    15 |    21 |    11 ||    51
       Fruit             |       |       |     1 |     4 |     3 ||     8
       Bread ration      |       |       |       |     1 |       ||     1
       Royal jelly       |       |       |       |       |     3 ||     3
       Beef jerky        |       |       |       |       |     1 ||     1
